 Dungeon Crawl Stone Soup version 0.27.1-34-g3ba077fa99 (webtiles) character file.

Game seed: 6658229524881074319

1996 Eitelfritz the Spear-Bearer (level 9, -3/68 HPs)
             Began as a Merfolk Gladiator on Jan 20, 2022.
             Slain by a killer bee (6 damage)
             ... on level 6 of the Dungeon.
             The game lasted 00:19:13 (6951 turns).

Eitelfritz the Spear-Bearer (Merfolk Gladiator)     Turns: 6951, Time: 00:19:14

Health: -3/68      AC:  6    Str: 21    XL:     9   Next: 21%
Magic:  12/12      EV: 15    Int: 10    God:
Gold:   241        SH:  0    Dex: 15    Spells: 10/12 levels left

rFire    . . .     SeeInvis +   a - +1 trident
rCold    . . .     Faith    .   (no shield)
rNeg     . . .     Spirit   .   q - +1 leather armour {Will+}
rPois    .         Reflect  .   c - +0 helmet
rElec    .         Harm     .   r - +0 cloak
rCorr    .         Rampage  .   (no gloves)
Will     +....                  (no boots)
Stlth    ++........             p - amulet of magic regeneration
HPRegen  0.21/turn              k - ring of see invisible
MPRegen  0.38/turn              f - +6 ring of strength

@: lethally poisoned (-3 -> -9), hasted, very quick
A: (nimble swimmer 2), mertail
a: no special abilities


You were on level 6 of the Dungeon.
You visited 1 branch of the dungeon, and saw 7 of its levels.

You collected 241 gold pieces.

Inventory:

Hand Weapons
 a - a +1 trident (weapon)
Missiles
 d - 2 throwing nets (quivered)
 g - 11 poisoned darts
 s - 7 boomerangs
 w - 3 silver javelins
 x - 8 curare-tipped darts
Armour
 b - a +0 leather armour
 c - a +0 helmet (worn)
 e - a +3 ring mail
 j - a +0 pair of gloves
 q - a +1 leather armour of willpower (worn)
 r - a +0 cloak (worn)
Jewellery
 f - a +6 ring of strength (right hand)
 k - a ring of see invisible (left hand)
 l - a ring of ice
 p - an amulet of magic regeneration (around neck)
Wands
 v - a wand of mindburst (31)
Scrolls
 o - 3 scrolls of amnesia
 z - a scroll of summoning
 A - a scroll of teleportation
 E - a scroll of magic mapping
Potions
 h - a potion of cancellation
 i - a potion of curing {unknown}
 m - a potion of haste
 n - a potion of heal wounds {unknown}
 t - a potion of degeneration {unknown}
 u - a potion of lignification {unknown}
 B - 3 potions of brilliance
 C - a potion of ambrosia {unknown}
 D - a potion of invisibility {unknown}


   Skills:
 + Level 5.3 Fighting
 + Level 11.0 Polearms
 + Level 2.3 Throwing
 + Level 2.8 Armour
 + Level 7.2 Dodging
 + Level 3.7 Stealth
 + Level 2.3 Spellcasting
 + Level 2.2 Summonings


You had 10 spell levels left.
You knew the following spells:

 Your Spells              Type           Power      Damage    Failure   Level
a - Summon Small Mammal   Summ           20%        N/A       14%         1
b - Animate Skeleton      Necr           2%         N/A       34%         1

Your spell library contained the following spells:

 Spells                   Type           Power      Damage    Failure   Level
 Pain                     Necr           4%         1d4       34%         1
 Call Canine Familiar     Summ           5%         N/A       38%         3
 Summon Guardian Golem    Hex/Summ       3%         N/A       54%         3
 Vampiric Draining        Necr           0%         2d6       71%         3


Dungeon Overview and Level Annotations

Branches:
Dungeon (7/15)
 Temple: D:4-7

Altars:
Hepliaklqana

Shops:
D:5 (


Innate Abilities, Weirdness & Mutations

((You are quick and stealthy near water. (Stealth+, EV+, Speed+++)))
Your lower body shifts to a powerful aquatic tail in water.


Message History

The killer bee barely misses you. The killer bee closely misses you.
You miss the killer bee.
The killer bee is heavily wounded.
The killer bee stings you. The killer bee stings you!
You miss the killer bee.
The killer bee is heavily wounded.
The killer bee stings you. The killer bee misses you. x2
The killer bee completely misses you.
You miss the killer bee.
The killer bee is heavily wounded.
The killer bee stings you!
* * * LOW HITPOINT WARNING * * *
You are poisoned.
The killer bee poisons you! The killer bee barely misses you.
You hit the killer bee but do no damage.
The killer bee is heavily wounded.
You feel sick. The killer bee barely misses you. x2
The killer bee stings you but does no damage.
The killer bee stings you.
* * * LOW HITPOINT WARNING * * *
You hit the killer bee.
The killer bee is severely wounded.
You feel sick. The killer bee stings you.
* * * LOW HITPOINT WARNING * * *
You are lethally poisoned!
The killer bee poisons you! The killer bee stings you.
* * * LOW HITPOINT WARNING * * *
The killer bee completely misses you.
It was a potion of cancellation.
You feel magically purged.
* * * LOW HITPOINT WARNING * * *
You feel very sick. The killer bee misses you.
The killer bee closely misses you. x2
The killer bee barely misses you.
It was a potion of haste.
You feel yourself speed up.
* * * LOW HITPOINT WARNING * * *
You feel sick.
The killer bee stings you but does no damage.
The killer bee closely misses you. The killer bee barely misses you.
The killer bee stings you.
You die...

.........####.)#
##..## #
########## #))#
#### # #..# ##
#..# #########.
#..# ##.........
## ##### #..##
##...######.
.#####...#
##..######...##
## #........##
#...y.......#
########..##
##y@[......##
##..##
########...##
##...# #....##
####....#
#.....#
##.......#
##.....#
####..#######
#...#### .#...##
##..## ......#
########...#
..##..##
#..)......##


You could see 2 killer bees.

Vanquished Creatures
  Sigmund (D:6)
  Edmund (D:4)
  Duvessa (D:6)
  An ice beast (D:6)
  2 sky beasts (D:6)
  2 ogres
  A phantom (D:5)
  A bullfrog (D:6)
  A wyvern zombie (D:6)
  2 scorpions
  A water moccasin zombie (D:5)
  Dowan (D:6)
  A water moccasin skeleton (D:5)
  A killer bee (D:6)
  A bullfrog zombie (D:6)
  2 jellies (D:5)
  Crazy Yiuf (D:4)
  2 bullfrog skeletons
  3 hounds
  2 orc priests
  Natasha (thrice) (D:3)
  An orc wizard (D:4)
  A hound skeleton (D:4)
  5 adders
  An ufetubus (D:4)
  3 dart slugs
  2 worms
  7 orcs
  5 endoplasms
  5 giant cockroaches
  13 goblins
  5 hobgoblins
  3 kobolds
  A quokka (D:1)
  3 ball pythons
  6 bats (D:1)
  3 frilled lizards (D:1)
  3 rats (D:2)
98 creatures vanquished.

Vanquished Creatures (collateral kills)
  Grinder (D:6)
1 creature vanquished.

Grand Total: 99 creatures vanquished

Notes
Turn   | Place    | Note
-------+----------+-------------------------------------------
     0 | D:1      | Eitelfritz the Merfolk Gladiator began the quest for the
                  | Orb.
     0 | D:1      | Reached XP level 1. HP: 16/16 MP: 1/1
   183 | D:1      | Reached XP level 2. HP: 21/22 MP: 2/2
   288 | D:1      | Found a faded altar of an unknown god.
   346 | D:1      | Reached skill level 5 in Polearms
   469 | D:1      | Reached XP level 3. HP: 26/27 MP: 3/3
  1002 | D:2      | Reached XP level 4. HP: 25/34 MP: 4/4
  1559 | D:3      | Reached skill level 6 in Polearms
  1559 | D:3      | Reached skill level 5 in Dodging
  1710 | D:3      | Noticed Natasha
  1730 | D:3      | Killed Natasha
  1731 | D:3      | Reached XP level 5. HP: 28/41 MP: 5/5
  1944 | D:3      | Noticed Natasha
  1953 | D:3      | Killed Natasha
  2044 | D:3      | Noticed Natasha
  2053 | D:3      | Killed Natasha
  2175 | D:4      | Noticed an ogre
  2375 | D:4      | Killed an ogre
  2376 | D:4      | Reached skill level 7 in Polearms
  2376 | D:4      | Reached skill level 1 in Armour
  2376 | D:4      | Reached XP level 6. HP: 44/47 MP: 6/6
  2426 | D:4      | Found a runed translucent door.
  2427 | D:4      | Noticed Crazy Yiuf
  2450 | D:4      | Noticed Edmund
  2474 | D:4      | Killed Edmund
  2684 | D:4      | Identified the +0 ring mail of Wu Jian's Reproof {Contam
                  | Will++ Str+5}
  2742 | D:4      | Found a hazy altar of Hepliaklqana.
  3088 | D:4      | Reached XP level 7. HP: 36/53 MP: 7/7
  3115 | D:4      | Reached skill level 8 in Polearms
  3430 | D:4      | Killed Crazy Yiuf
  3477 | D:5      | Entered Level 5 of the Dungeon
  3771 | D:5      | Reached skill level 1 in Stealth
  4029 | D:5      | Learned a level 1 spell: Summon Small Mammal
  4147 | D:5      | Reached skill level 9 in Polearms
  4155 | D:5      | Reached XP level 8. HP: 35/61 MP: 8/8
  4491 | D:5      | Found Qoyptikk's Weapon Shop.
  4762 | D:6      | Noticed Sigmund
  4779 | D:6      | Killed Sigmund
  4866 | D:6      | Noticed Duvessa
  4866 | D:6      | Noticed Dowan
  5276 | D:6      | Reached skill level 10 in Polearms
  5452 | D:6      | Reached skill level 1 in Spellcasting
  5452 | D:6      | Reached skill level 1 in Summonings
  5481 | D:6      | Reached skill level 5 in Fighting
  5594 | D:6      | Noticed Grinder
  5601 | D:6      | Paralysed by Grinder for 7 turns
  5613 | D:6      | Killed Grinder
  5614 | D:6      | Reached XP level 9. HP: 11/68 MP: 11/11
  6551 | D:6      | Learned a level 1 spell: Animate Skeleton
  6660 | D:6      | Killed Duvessa
  6673 | D:6      | Killed Dowan
  6893 | D:6      | Reached skill level 11 in Polearms
  6951 | D:6      | HP: 3/68 [poisoned by a killer bee]
  6951 | D:6      | Slain by a killer bee

Illustrated notes

Levels and vault maps discovered:
D:1:      kennysheep_arrival_forest, layout_basic, serial_glass,
          glass_columns_a, glass_columns_b, shapermc_ecumenical_altar_petra,
          minmay_ruptured
D:2:      layout_rooms, st_stairs_14
D:3:      layout_rooms, uniq_natasha
D:4:      layout_rooms, mainiacjoe_overflow_paths, uniq_crazy_yiuf_cottage,
          uniq_edmund
D:5:      layout_basic, serial_shops, kennysheep_mini_moat,
          kennysheep_generic_room_2
D:6:      layout_layer_cave, uniq_duvessa, uniq_grinder, uniq_sigmund
D:7:      layout_cave_pools, minmay_temple_entry_offerings, serial_column_ruins,
          column_ruins_hut, column_ruins_temple_circle, column_ruins_grid_2,
          column_ruins_grid_1, column_ruins_grid_2,
          column_ruins_corridor_straight, column_ruins_open_tiny,
          minmay_misc_feat_hallway

Skill      XL: |  1  2  3  4  5  6  7  8  9 |
---------------+----------------------------+-----
Polearms       | 5 6 7 9 10 11 | 11.0
Dodging        | 5 6 7 |  7.2
Fighting       | 3 4 5 |  5.3
Armour         | 1 2 |  2.8
Stealth        | 1 3 |  3.7
Spellcasting   | 1 2 |  2.3
Summonings     | 1 2 |  2.2
Throwing       | |  2.3

Action                   |  1- 3 |  4- 6 |  7- 9 || total
-------------------------+-------+-------+-------++-------
Melee: Trident           |   110 |   134 |   245 ||   489
Throw: Dart              |       |     4 |       ||     4
       Throwing net      |       |     1 |       ||     1
 Cast: Summon Small Mamm |       |       |    26 ||    26
       Animate Skeleton  |       |       |     2 ||     2
  Use: Scroll            |       |     4 |     8 ||    12
       Potion            |       |       |     2 ||     2
 Stab: Held in net/web   |       |     1 |       ||     1
       Sleeping          |       |       |     7 ||     7
       Distracted        |       |       |     2 ||     2
Armor: Ring mail         |    48 |       |       ||    48
       Leather armour    |       |    18 |    42 ||    60
Dodge: Dodged            |    86 |    81 |   164 ||   331
